 Dungeon Crawl Stone Soup version 0.27-a0-1347-gd8886f0a89 (webtiles) character file.

Game seed: 13367753248648604590

107 puppykicker the Ducker (level 5, -6/38 HPs)
             Began as a Djinni Hedge Wizard on June 27, 2021.
             Mangled by Robin (14 damage)
             ... on level 2 of the Dungeon.
             The game lasted 00:07:01 (3126 turns).

puppykicker the Ducker (Djinni Hedge Wizard)        Turns: 3126, Time: 00:07:02

Health: -6/38      AC: 13    Str: 16    XL:     5   Next: 10%
Gold:   60         EV: 10    Int: 15    God:
                   SH:  0    Dex: 13

rFire    + + .     SeeInvis .   a - +2 dagger (protect)
rCold    x . .     Faith    .   (no shield)
rNeg     . . .     Spirit   .   j - +0 scale mail
rPois    ∞         Reflect  .   c - +0 hat
rElec    .         Harm     .   (no cloak)
rCorr    .         Rampage  .   (no gloves)
Will     .....                  (boots unavailable)
Stlth    +.........             (no amulet)
HPRegen  0.12/turn              i - +6 ring of strength
MPRegen  0.00/turn              (no ring)

@: under a protective aura, flying, very slightly contaminated
A: sickness immunity, fire resistance 2, cold vulnerability 1, float, innate
caster, hp casting, extra vitality 1
a: no special abilities


You were on level 2 of the Dungeon.
You visited 1 branch of the dungeon, and saw 2 of its levels.

You collected 60 gold pieces.

Inventory:

Hand Weapons
 a - a +2 dagger of protection (weapon)
Armour
 c - a +0 hat (worn)
 g - a +0 ring mail
 j - a +0 scale mail (worn)
Jewellery
 i - a +6 ring of strength (left hand)
Scrolls
 b - a scroll of amnesia {unknown}
 d - a scroll of fog {unknown}
 e - 3 scrolls of identify {unknown}
 f - a scroll of enchant weapon {unknown}
 l - 2 scrolls of immolation {unknown}
 m - a scroll of noise {unknown}
 n - a scroll of teleportation {unknown}
Potions
 h - 3 potions of curing {unknown}
 k - a potion of heal wounds {unknown}


   Skills:
 + Level 1.7 Fighting
 - Level 0.2 Short Blades
 + Level 1.8 Armour
 + Level 3.1 Dodging
 - Level 2.0 Stealth
 + Level 2.8 Spellcasting


You couldn't memorise any spells.
You knew the following spells:

 Your Spells              Type           Power      Damage    Failure   Level
a - Magic Dart            Conj           40%        1d5       22%         1
b - Call Imp              Summ           10%        N/A       34%         2
c - Conjure Flame         Conj/Fire      10%        6-21      56%         3
p - Blink                 Tloc           N/A        N/A       34%         2
r - Corpse Rot            Necr/Air       N/A        N/A       34%         2
s - Slow                  Hex            10%        N/A       34%         2
x - Mephitic Cloud        Conj/Pois/Air  10%        N/A       56%         3
z - Animate Skeleton      Necr           20%        N/A       22%         1
Your spell library was empty.

Dungeon Overview and Level Annotations

Branches:
Dungeon (2/15)

Altars:

Annotations:
D:2 Robin


Innate Abilities, Weirdness & Mutations

You are immune to sickness and miasma.
You are immune to poison.
Your flesh is very heat resistant. (rF++)
You are vulnerable to cold. (rC-)
You float through the air rather than walking.
You learn spells naturally, not from books.
Your magical power is your life essence.
You have superior vitality. (+4 HP)


Message History

You kill the goblin!
The goblin is engulfed in dark miasma.
The goblin is poisoned.
The goblin seems to slow down.
The goblin hits you but does no damage.
You take 2 damage, and have 23/38 hp.
Unknown command.
Your scale mail prevents you from hitting the goblin.
You kill the goblin!
Unknown command.
Unknown command.
Unknown command.
You hit the dart slug.
Your weapon exudes an aura of protection.
You hit the dart slug. The dart slug barely misses you.
Robin flexes a bicep menacingly.
You hit the dart slug. The dart slug launches a dart at you.
The slug dart hits you but does no damage.
You hit the dart slug. You hit the dart slug.
You kill the dart slug!
You barely miss Robin.
Robin hits you with a +1 falchion of electrocution.
You are electrocuted!
* * * LOW HITPOINT WARNING * * *
You take 12 damage, and have 12/38 hp.
MASSIVE DAMAGE!!
Casting: Corpse Rot (dangerous; 34% risk of failure)
You miscast Corpse Rot.
You are very lightly contaminated with residual magic.
Nothing appears to happen.
* * * LOW HITPOINT WARNING * * *
Robin barely misses you.
You take 2 damage, and have 10/38 hp.
Casting: Corpse Rot (dangerous; 34% risk of failure)
You smell decay.
* * * LOW HITPOINT WARNING * * *
Robin is engulfed in dark miasma.
Robin is poisoned.
Robin hits you but does no damage.
You are electrocuted!
You die...

#....#
#.#
######
#(#
#.#
#.#
####.#
#....#
#.####
#)#
#@#
#g#
#..)g#
####g#
gw ...
?. .


You could see Robin (poisoned).

Levels and vault maps discovered:
D:1:      moated_graveyard_arrival, layout_basic,
          chequers_ecumenical_altar_simple_redux, minmay_pentomino_w2
D:2:      layout_basic, uniq_robin

Notes
Turn   | Place    | Note
-------+----------+-------------------------------------------
     0 | D:1      | puppykicker the Djinni Hedge Wizard began the quest for the
                  | Orb.
     0 | D:1      | Reached XP level 1. HP: 15/15 MP: 0/0
    21 | D:1      | Identified a +0 robe
   466 | D:1      | Identified a +0 ring mail
   558 | D:1      | Reached XP level 2. HP: 13/21 MP: 0/0
   808 | D:1      | Found a faded altar of an unknown god.
  1323 | D:1      | Identified a +0 whip
  1326 | D:1      | Reached XP level 3. HP: 23/26 MP: 0/0
  1326 | D:1      | Learned a level 1 spell: Animate Skeleton
  1330 | D:1      | Identified a +0 pair of boots
  1407 | D:1      | Identified a +6 ring of strength
  1477 | D:1      | Identified a +0 scale mail
  1825 | D:2      | Identified a +0 club
  1833 | D:2      | Reached skill level 1 in Fighting
  1833 | D:2      | Reached skill level 1 in Armour
  1840 | D:2      | Reached skill level 2 in Stealth
  1971 | D:2      | Identified a +0 flail
  1971 | D:2      | Identified a +0 whip
  1971 | D:2      | Identified a +0 club
  2186 | D:1      | Reached XP level 4. HP: 9/32 MP: 0/0
  2454 | D:2      | Identified a +0 robe
  2791 | D:2      | Identified a +2 dagger of protection
  2821 | D:2      | Reached skill level 3 in Dodging
  3066 | D:2      | Identified a +0 dagger
  3066 | D:2      | Identified a +0 dagger
  3066 | D:2      | Identified a +0 dagger
  3066 | D:2      | Identified a +0 club
  3066 | D:2      | Identified a +0 club
  3067 | D:2      | Identified a +0 club
  3067 | D:2      | Identified a +0 hunting sling
  3067 | D:2      | Identified a +0 dagger
  3067 | D:2      | Identified a +1 falchion of electrocution
  3067 | D:2      | Identified a +0 animal skin
  3067 | D:2      | Identified a +0 helmet
  3067 | D:2      | Noticed Robin
  3069 | D:2      | Identified a +0 dagger
  3070 | D:2      | Identified a +0 club
  3094 | D:2      | Reached XP level 5. HP: 29/38 MP: 0/0
  3094 | D:2      | Learned a level 2 spell: Corpse Rot
  3126 | D:2      | Mangled by Robin

Table legend: (Time is in decaauts)
 A = Elapsed time spent in this place.
 B = Non-inter-level travel time spent in this place.
 C = Inter-level travel time spent in this place.
 D = Time resting spent in this place.
 E = Time spent auto-exploring this place.
 F = Levels seen in this place.
 G = Mean time per level.
                   A        B        C        D        E       F      G
               +--------+--------+--------+--------+--------+-----+--------+
         Total |   3136 |   3055 |     81 |   1562 |   1063 |   2 | 1568.0 |
       Dungeon |   3136 |   3055 |     81 |   1562 |   1063 |   2 | 1568.0 |
               +--------+--------+--------+--------+--------+-----+--------+

Top non-repeatable levels by time:
     D:1: 2256 daAuts
     D:2: 879 daAuts

Table legend:
 A = Kills in this place as a percentage of kills in entire the game.
 B = Kills by you in this place as a percentage of kills by you in the entire game.
 C = Kills by friends in this place as a percentage of kills by friends in the entire game.
 D = Other kills in this place as a percentage of other kills in the entire game.
 E = Experience gained in this place as a percentage of experience gained in the entire game.
 F = Experience gained in this place divided by the number of levels of this place that you have seen.
                   A       B       C       D       E      F
               +-------+-------+-------+-------+-------+----------------------
         Total | 100.0 | 100.0 | 100.0 |   N/A | 100.0 |  76.5
       Dungeon | 100.0 | 100.0 | 100.0 |   N/A | 100.0 |  76.5
               +-------+-------+-------+-------+-------+----------------------

Skill      XL: |  1  2  3  4 |
---------------+-------------+-----
Fighting       | 1 |  1.7
Armour         | 1 |  1.8
Stealth        | 2 |  2.0
Dodging        | 3 |  3.1
Short Blades   | |  0.2
Spellcasting   | |  2.8

Action                   |  1- 3 |  4- 6 || total
-------------------------+-------+-------++-------
Melee: Dagger            |    43 |    42 ||    85
       Flail             |       |    27 ||    27
 Cast: Magic Dart        |    63 |    17 ||    80
       Call Imp          |     6 |     3 ||     9
       Corpse Rot        |       |     3 ||     3
Armor: Ring mail         |    24 |       ||    24
       Robe              |     1 |       ||     1
       Scale mail        |    16 |    43 ||    59
Dodge: Dodged            |    50 |    60 ||   110

Vanquished Creatures
  A gnoll (D:1)
  3 adders (D:2)
  A dart slug (D:2)
  2 ball pythons
  3 endoplasms (D:1)
  6 giant cockroaches
  10 goblins (D:2)
  6 hobgoblins
  3 jackals (D:1)
  A quokka (D:1)
  2 bats (D:1)
  3 frilled lizards
  2 kobolds
  2 rats
45 creatures vanquished.

Vanquished Creatures (collateral kills)
  An adder (D:1)
  2 gnolls
  A dart slug (D:2)
  A hobgoblin (D:2)
5 creatures vanquished.

Grand Total: 50 creatures vanquished
